cohdb
Replays
Latest Replays
All Replays
Popular Replays
Top Player Replays
Match Explorer
How It Works
Community
CoH3 Stats
Reddit
Sign in to upload your games and track your stats! →
Sign in with Steam
Match 45177223
Unlisted
Match 45177223
Overview
Messages
Build Orders
End
Selects Heavy Weapons
Construct Barracks
Scout Squad
Riflemen Squad
Riflemen Squad
Grenade Package
Construct Weapon Support Center
Sniper
Selects Assault Carriers
Mechanized Support Center
M3 Assault Carrier
Riflemen Squad
M3 Assault Carrier
Selects Exchangeable Parts
Selects M2HB .50cal Heavy Machine Gun
M1919 Machine Gun Team
Designate Forward Repair Station
M3 Assault Carrier
Riflemen Squad
Selects Rapid Reposition
M3 Assault Carrier
Digital_Oracle86
AR
Divan Killer
mahdi.naddaf
Agent Smith
Robin Da Hood
DasManKeY
Volks
0
0
Comments
sign in to comment!
No comments posted yet!